 Dungeon Crawl Stone Soup version 0.24-a0-446-g87df7205b4 (webtiles) character file.

Game seed: 14120545580200893358

3301 theanonym the Purveyor of Pain (level 9, -9/57 HPs)
             Began as a Mummy Necromancer on June 23, 2019.
             Was an Initiate of Kikubaaqudgha.
             Mangled by a three-headed hydra (10 damage)
             ... on level 8 of the Dungeon.
             The game lasted 00:21:42 (9519 turns).

theanonym the Purveyor of Pain (Mummy Necromancer)  Turns: 9519, Time: 00:21:43

Health: -9/57      AC: 15    Str: 11    XL:     9   Next: 70%
Magic:  9/25       EV: 10    Int: 17    God:    Kikubaaqudgha [......]
Gold:   477        SH:  0    Dex: 13    Spells: 9/18 levels left

rFire    x . .     SeeInvis .   b - +0 rapier
rCold    + . .     Gourm    .   (no shield)
rNeg     + + +     Faith    .   u - +0 ring mail
rPois    ∞         Spirit   .   (no helmet)
rElec    .         Reflect  .   x - +1 cloak
rCorr    .         Harm     .   e - +2 pair of gloves
MR       +....                  s - +2 pair of boots
Stlth    +.........             (no amulet)
HPRegen  0.19/turn              k - ring of magical power
MPRegen  0.19/turn              i - +2 ring of slaying

@: no status effects
A: no food or potions, fire vulnerability, cold resistance 1, negative energy
resistance 3, torment resistance, unbreathing
a: Renounce Religion


Innate Abilities, Weirdness & Mutations

You do not eat or drink.
Your flesh is vulnerable to fire.
You are immune to poison.
Your flesh is cold resistant. (rC+)
You are immune to negative energy. (rN+++)
You are immune to unholy pain and torment.
You can survive without breathing.


   Skills:
 + Level 6.1 Short Blades
 + Level 6.1 Armour
 - Level 1.5 Dodging
 - Level 1.5 Stealth
 - Level 5.0 Spellcasting
 + Level 9.2 Necromancy


You had 9 spell levels left.
You knew the following spells:

 Your Spells              Type           Power        Failure   Level  Hunger
a - Pain                  Necr           ####         1%          1    N/A
b - Animate Dead          Necr           N/A          7%          4    N/A
c - Vampiric Draining     Necr           #####.....   1%          3    N/A
e - Animate Skeleton      Necr           N/A          1%          1    N/A

Your spell library contained the following spells:

 Spells                   Type           Power        Failure   Level  Hunger
 Summon Small Mammal      Summ           #...         30%         1    N/A
 Call Imp                 Summ           #.......     41%         2    N/A
 Call Canine Familiar     Summ           #.......     65%         3    N/A
 Summon Guardian Golem    Hex/Summ       #.......     65%         3    N/A
 Summon Ice Beast         Ice/Summ       #.......     96%         4    N/A
 Summon Lightning Spire   Summ/Air       #.......     96%         4    N/A
 Regeneration             Chrm/Necr      Unusable     N/A         3    N/A

Skill      XL: |  1  2  3  4  5  6  7  8  9 |
---------------+----------------------------+-----
Spellcasting   | 3 4 5 |  5.0
Necromancy     | 5 6 7 8 9 |  9.2
Short Blades   | 1 2 3 5 6 |  6.1
Armour         | 1 2 3 5 6 |  6.1
Dodging        | |  1.5
Stealth        | |  1.5

Action                   |  1- 3 |  4- 6 |  7- 9 || total
-------------------------+-------+-------+-------++-------
Melee: Club              |     9 |     1 |       ||    10
       Whip              |       |    11 |       ||    11
       Dagger            |       |    11 |   242 ||   253
       Rapier            |       |       |   200 ||   200
 Cast: Pain              |    49 |   123 |   186 ||   358
       Animate Skeleton  |     7 |     5 |       ||    12
       Animate Dead      |       |    12 |    21 ||    33
       Vampiric Draining |       |     2 |    31 ||    33
Evoke: Wand              |       |       |    15 ||    15
  Use: Scroll            |       |     7 |     6 ||    13
 Stab: Sleeping          |       |       |     3 ||     3
       Paralysed         |       |       |     8 ||     8
Armor: Robe              |     2 |     5 |       ||     7
       Leather armour    |       |    15 |    87 ||   102
       Ring mail         |       |       |   108 ||   108
Dodge: Dodged            |    11 |    44 |   237 ||   292

Inventory:

Hand Weapons
 a - a +0 dagger
 b - a +0 rapier (weapon)
Missiles
 m - 15 poisoned darts (quivered)
Armour
 e - a +2 pair of gloves (worn)
 l - a +0 troll leather armour
 s - a +2 pair of boots (worn)
 u - a +0 ring mail (worn)
 x - a +1 cloak (worn)
Magical Staves
 c - an uncursed staff of power
Jewellery
 g - an uncursed ring of protection from magic
 i - a +2 ring of slaying (right hand)
 k - a ring of magical power (left hand)
 o - an uncursed ring of fire
 q - an uncursed ring of flight
Wands
 j - a wand of paralysis (4)
 r - a wand of enslavement (2)
 w - a wand of flame (15)
Scrolls
 d - 3 scrolls of amnesia
 f - a scroll of fog
 h - 2 scrolls of immolation
 n - 7 scrolls of remove curse
 t - a scroll of teleportation
 B - a scroll of blinking


You were on level 8 of the Dungeon.
You worshipped Kikubaaqudgha.
Kikubaaqudgha was noncommittal.
You were not hungry.

You visited 2 branches of the dungeon, and saw 9 of its levels.

You collected 572 gold pieces.
You spent 95 gold pieces at shops.

Dungeon Overview and Level Annotations

Branches:
Dungeon (8/15)             Temple (1/1) D:6
   Lair: D:8-11

Altars:
Ashenzari
Cheibriados
Dithmenos
Elyvilon
Fedhas
Gozag
Hepliaklqana
Kikubaaqudgha
Makhleb
Nemelex Xobeh
Okawaru
Qazlal
Ru
Sif Muna
Trog
Uskayaw
Vehumet
Wu Jian
Xom
Yredelemnul
Zin
The Shining One

Shops:
D:4 (   D:5 : D:6

[ .# #..# #.##.###.#
.#
#..#########.##..#..#
.#
#............###...##
(# #.##########.#
##.## ## #.# #.# #_#
#.# ####.# ###
#####.# #^...#
#.#...# #.##D#
.#.#..# #.##@#
###...#######.##.#
Z#.#.............#
#.#..########.####
###### #.#
##########.#
##........<.#
#.########### #.#


You could see a three-headed hydra.

Notes
Turn   | Place    | Note
-------+----------+-------------------------------------------
     0 | D:1      | theanonym the Mummy Necromancer began the quest for the
                  | Orb.
     0 | D:1      | Reached XP level 1. HP: 13/13 MP: 4/4
   175 | D:1      | Reached skill level 3 in Spellcasting
   328 | D:1      | Reached XP level 2. HP: 19/19 MP: 3/6
   360 | D:1      | Learned a level 1 spell: Animate Skeleton
   746 | D:1      | Reached XP level 3. HP: 24/24 MP: 5/8
   776 | D:1      | HP: 10/24 [hobgoblin/+0 club (6)]
  1136 | D:2      | Noticed an ice beast
  1143 | D:2      | Killed an ice beast
  1143 | D:2      | Reached skill level 4 in Spellcasting
  1143 | D:2      | Reached skill level 5 in Necromancy
  1143 | D:2      | Reached XP level 4. HP: 24/30 MP: 1/10
  1299 | D:2      | Learned a level 3 spell: Vampiric Draining
  1351 | D:2      | Learned a level 4 spell: Animate Dead
  1550 | D:2      | Reached XP level 5. HP: 35/35 MP: 6/12
  1704 | D:2      | Reached skill level 5 in Spellcasting
  1894 | D:2      | You fall into a shaft and drop 2 floors!
  2027 | D:4      | Found Iweoron Laps's Antique Weapon Emporium.
  2035 | D:4      | Bought a dagger for 50 gold pieces
  2620 | D:3      | Reached skill level 1 in Short Blades
  2750 | D:3      | Reached skill level 1 in Armour
  2978 | D:3      | Reached XP level 6. HP: 41/41 MP: 13/13
  3472 | D:4      | Reached skill level 2 in Short Blades
  3560 | D:4      | Reached skill level 2 in Armour
  3560 | D:4      | Reached skill level 6 in Necromancy
  3776 | D:5      | Entered Level 5 of the Dungeon
  3820 | D:5      | Reached XP level 7. HP: 46/46 MP: 12/14
  4052 | D:5      | HP: 23/46 [crimson imp (3)]
  4133 | D:5      | HP: 22/46 [crimson imp (4)]
  4298 | D:5      | Noticed Sigmund
  4306 | D:5      | Killed Sigmund
  4306 | D:5      | Reached skill level 3 in Short Blades
  4306 | D:5      | Reached skill level 3 in Armour
  5289 | D:5      | Found a hazy altar of Hepliaklqana.
  5304 | D:5      | Reached skill level 7 in Necromancy
  5304 | D:5      | Reached XP level 8. HP: 38/52 MP: 13/15
  5566 | D:5      | Found Qefior's Book Shoppe.
  5933 | D:6      | Reached skill level 4 in Short Blades
  5933 | D:6      | Reached skill level 4 in Armour
  6272 | D:6      | Found Guodghobe's Armour Shop.
  6276 | D:6      | Bought a +0 cloak for 45 gold pieces
  6402 | D:6      | Found a staircase to the Ecumenical Temple.
  6513 | D:6      | HP: 25/52 [acid (14)]
  6515 | D:6      | HP: 10/52 [acid (13)]
  6779 | Temple   | Entered the Ecumenical Temple
  7237 | D:7      | Noticed a troll
  7248 | D:7      | Killed a troll
  7545 | D:7      | Reached skill level 8 in Necromancy
  8109 | D:8      | Found a basalt altar of Yredelemnul.
  8109 | D:8      | Found an ancient bone altar of Kikubaaqudgha.
  8114 | D:8      | Found an ornate altar of the Wu Jian Council.
  8116 | D:8      | Found a blossoming altar of Fedhas.
  8118 | D:8      | Found a stormy altar of Qazlal.
  8152 | D:8      | Noticed Maurice
  8181 | D:8      | Killed Maurice
  8181 | D:8      | Reached skill level 5 in Short Blades
  8181 | D:8      | Reached skill level 5 in Armour
  8181 | D:8      | Reached XP level 9. HP: 53/57 MP: 7/16
  8361 | D:8      | HP: 22/57 [centaur/arrow (12)]
  8743 | D:8      | Became a worshipper of Kikubaaqudgha
  9245 | D:8      | Reached skill level 9 in Necromancy
  9249 | D:8      | Reached skill level 6 in Short Blades
  9249 | D:8      | Reached skill level 6 in Armour
  9401 | D:8      | Noticed a three-headed hydra
  9422 | D:8      | HP: 27/57 [three-headed hydra (13)]
  9427 | D:8      | HP: 21/57 [three-headed hydra (7)]
  9432 | D:8      | HP: 8/57 [three-headed hydra (7)]
  9463 | D:8      | HP: 22/57 [three-headed hydra (2)]
  9512 | D:8      | HP: 25/57 [three-headed hydra (12)]
  9519 | D:8      | HP: 1/57 [three-headed hydra (13)]
  9519 | D:8      | Mangled by a three-headed hydra

Vanquished Creatures
  Maurice (D:8)
  A troll (D:7)
  2 dream sheep (D:8)
  Sigmund (D:5)
  A water moccasin (D:8)
  2 ice beasts
  3 sky beasts
  3 ogres
  2 centaurs
  2 big kobolds (D:8)
  A scorpion (D:7)
  An oklob sapling (D:6)
  3 howler monkeys (D:8)
  A wight (D:6)
  3 crimson imps
  A centaur zombie (D:5)
  2 jellies
  A bullfrog skeleton (D:5)
  3 hounds
  An orc priest (D:3)
  2 iguanas
  6 worker ants
  A hound skeleton (D:4)
  A worker ant zombie (D:5)
  8 adders
  A river rat (D:5)
  An ooze (D:1)
  2 adder skeletons
  2 adder zombies
  A worm (D:4)
  4 dart slugs
  4 leopard geckos
  12 orcs
  4 ball pythons
  13 giant cockroaches
  A goblin (D:1)
  7 hobgoblins
  7 jackals
  5 quokkas
  9 bats
  8 frilled lizards
  6 kobolds
  A leopard gecko skeleton (D:6)
  A quokka zombie (D:5)
  9 rats
  A plant (D:6)
152 creatures vanquished.

Vanquished Creatures (collateral kills)
  A yak (D:8)
  An orc priest (D:3)
  An orc (D:3)
  A quokka (D:6)
  A rat (D:3)
5 creatures vanquished.

Vanquished Creatures (others)
  A yak (D:8)
1 creature vanquished.

Grand Total: 158 creatures vanquished

Table legend:
 A = Turns spent in this place as a percentage of turns spent in the entire game.
 B = Non-inter-level travel turns spent in this place as a percentage of non-inter-level travel turns spent in the entire game.
 C = Inter-level travel turns spent in this place as a percentage of turns spent in this place.
 D = Turns resting spent in this place as a percentage of non-inter-level travel turns spent in this place.
 E = Turns spent auto-exploring this place as a percentage of non-inter-level travel turns spent in this place.
 F = Non-inter-level travel turns spent in this place divided by the number of levels of this place that you've seen.
                   A       B       C       D       E      F
               +-------+-------+-------+-------+-------+----------------------
         Total | 100.0 | 100.0 |   4.9 |  38.0 |  42.2 | 1005.7
       Dungeon |  98.3 |  98.5 |   4.7 |  38.6 |  41.3 | 1114.5
        Temple |   1.7 |   1.5 |  16.7 |   0.0 |  98.5 | 135.0
               +-------+-------+-------+-------+-------+----------------------
